[Event "December 5 Early 2023"]
[Site "https://www.chess.com"]
[Date "2023.12.05"]
[Round "2"]
[White "Gruzman, Ilya"]
[Black "Koc, Przemyslaw"]
[Result "1-0"]
[Board "183"]
[TimeControl "180+1"]
[WhiteFideId "2812703"]
[BlackFideId "1109081"]
[WhiteElo "2295"]
[BlackElo "2513"]
[WhiteTeam "ISR"]
[BlackTeam "POL"]
[WhiteClock "0:00:19"]
[BlackClock "0:00:00"]

1. d4 f5 2. g3 Nf6 3. Bg2 g6 4. c4 Bg7 5. Nc3 O-O 6. Nf3 d6 7. O-O Qe8 8. d5 Na6 9. Nd4 Bd7 10. Rb1 c5 11. dxc6 bxc6 12. b4 Nxb4 13. Rxb4 c5 14. Rb1 cxd4 15. Bxa8 Qxa8 16. Nb5 Ne4 17. Nxd4 Nc3 18. Qb3 Bxd4 19. c5+ d5 20. Be3 Bxe3 21. Qxc3 Bh6 22. Qe5 Qc6 23. Qxe7 Re8 24. Qd6 Qxd6 25. cxd6 Re6 26. Rb7 Rxd6 27. Rxa7 Kf7 28. Rb1 Ke6 29. Rbb7 d4 30. a4 d3 31. exd3 Rxd3 32. Rb6+ Ke7 33. a5 Bg7 34. Rbb7 f4 35. a6 Bd4 36. Rxd7+ Ke6 37. gxf4 Kf5 38. Kg2 Rd2 39. Kg3 Bxf2+ 40. Kf3 Bd4 41. Rf7+ Ke6 42. Rae7+ Kd6 43. a7 1-0

[Event "December 5 Early 2023"]
[Site "https://www.chess.com"]
[Date "2023.12.05"]
[Round "2"]
[White "Szente Varga, Fruzsina"]
[Black "Rietze, Clemens, Dr."]
[Result "0-1"]
[Board "184"]
[TimeControl "180+1"]
[WhiteFideId "712264"]
[BlackFideId "24620351"]
[WhiteElo "2295"]
[BlackElo "2513"]
[WhiteTeam "HUN"]
[BlackTeam "GER"]
[WhiteClock "0:00:11"]
[BlackClock "0:00:19"]

1. e4 c6 2. d4 d5 3. exd5 cxd5 4. Bd3 Nc6 5. c3 Qc7 6. Ne2 Bg4 7. Bf4 Qxf4 8. Nxf4 Bxd1 9. Kxd1 e6 10. Nd2 Bd6 11. Ne2 Nge7 12. b4 O-O 13. a4 Rae8 14. f4 f6 15. Kc2 e5 16. fxe5 fxe5 17. dxe5 Nxe5 18. Rhf1 Ng4 19. Rxf8+ Rxf8 20. Nf3 Ne3+ 21. Kd2 Nxg2 22. Ned4 Nf4 23. Bc2 Neg6 24. Re1 a6 25. Bb3 Rd8 26. Ne6 Rd7 27. Nfd4 h6 28. b5 Kf7 29. Rf1 Kg8 30. Nxf4 Nxf4 31. Re1 g5 32. Ne6 Kf7 33. Nxf4 Bxf4+ 34. Kd3 axb5 35. axb5 Bxh2 36. Rh1 Be5 37. Rxh6 Kg7 38. Rh1 Kg6 39. Rg1 Kf5 40. Bc2 g4 41. c4 dxc4+ 42. Kxc4+ Kg5 43. Kc5 Rc7+ 44. Kd5 Rxc2 45. Kxe5 Rb2 46. Kd6 Rxb5 0-1

[Event "December 5 Early 2023"]
[Site "https://www.chess.com"]
[Date "2023.12.05"]
[Round "2"]
[White "Kozlov, Gennady"]
[Black "Fernandez Siles, Luis"]
[Result "1-0"]
[Board "185"]
[TimeControl "180+1"]
[WhiteFideId "4191668"]
[BlackFideId "2209420"]
[WhiteElo "2512"]
[BlackElo "2291"]
[WhiteTeam "ESP"]
[BlackTeam "ESP"]
[WhiteClock "0:02:34"]
[BlackClock "0:00:01"]

1. b3 e5 2. Bb2 Nc6 3. e3 g6 4. f4 d6 5. Nf3 Bg7 6. Bb5 Bd7 7. O-O Nge7 8. Nc3 O-O 9. h3 exf4 10. exf4 Nd4 11. Bxd7 Qxd7 12. Nxd4 Bxd4+ 13. Kh1 Bg7 14. Qf3 Nf5 15. Na4 Bxb2 16. Nxb2 c6 17. g4 Nd4 18. Qd3 c5 19. Nc4 Qc6+ 20. Kh2 Rae8 21. Ne3 f5 22. c3 Nf3+ 23. Kg3 fxg4 24. hxg4 Nxd2 25. Qxd2 g5 26. Nf5 gxf4+ 27. Qxf4 1-0

[Event "December 5 Early 2023"]
[Site "https://www.chess.com"]
[Date "2023.12.05"]
[Round "2"]
[White "Antonio, Jorge Carlos"]
[Black "Buksa, Nataliya"]
[Result "1-0"]
[Board "186"]
[TimeControl "180+1"]
[WhiteFideId "113190"]
[BlackFideId "14123622"]
[WhiteElo "2290"]
[BlackElo "2508"]
[WhiteTeam "ARG"]
[BlackTeam "UKR"]
[WhiteClock "0:00:43"]
[BlackClock "0:00:37"]

1. d4 d5 2. Nf3 Nf6 3. Bf4 e6 4. e3 c5 5. c3 Nc6 6. Bd3 Nh5 7. Be5 c4 8. Bc2 Bd6 9. Bxd6 Qxd6 10. O-O g6 11. Nbd2 f5 12. Ba4 O-O 13. Bxc6 bxc6 14. Ne5 Rb8 15. b3 cxb3 16. axb3 Rb7 17. b4 Nf6 18. f3 g5 19. Nb3 Rg7 20. Nc5 h5 21. Ra5 h4 22. Qa4 g4 23. Rxa7 g3 24. Rxg7+ Kxg7 25. Ra1 gxh2+ 26. Kxh2 Bd7 27. Nxd7 Nxd7 28. Qxc6 Qxc6 29. Nxc6 Rc8 30. Ra6 Kf6 31. b5 Rc7 32. Kh3 Rb7 33. Nd8 Rxb5 34. Rxe6+ Kg5 35. Nf7+ Kh5 36. Rh6# 1-0

[Event "December 5 Early 2023"]
[Site "https://www.chess.com"]
[Date "2023.12.05"]
[Round "2"]
[White "Tikhonov, Viacheslav"]
[Black "yaguigor"]
[Result "0-1"]
[Board "187"]
[TimeControl "180+1"]
[WhiteFideId "44196407"]
[WhiteElo "2508"]
[BlackElo "2287"]
[WhiteTeam "RUS"]
[WhiteClock "0:00:05"]
[BlackClock "0:00:23"]

1. e4 c5 2. Nf3 e6 3. b3 a6 4. Bb2 Nc6 5. g3 Nf6 6. e5 Nd5 7. Bg2 Be7 8. O-O O-O 9. c4 Nc7 10. Re1 f6 11. d4 cxd4 12. exf6 Bxf6 13. Nxd4 Qe8 14. Qd2 Qh5 15. Nxc6 bxc6 16. Bxf6 gxf6 17. Qd6 Ne8 18. Qe7 Qf7 19. Qxf7+ Kxf7 20. c5 e5 21. Nc3 Nc7 22. Ne4 Ne6 23. Rad1 Rd8 24. Bh3 Nd4 25. Nd6+ Ke7 26. Nf5+ Nxf5 27. Bxf5 d5 28. cxd6+ Rxd6 29. Rxd6 Kxd6 30. Rd1+ Ke7 31. Bxh7 f5 32. Bg8 Be6 33. Bxe6 Kxe6 34. h4 a5 35. Rc1 Kd5 36. Rc4 c5 37. Kf1 Ra7 38. Ke2 Ra6 39. Ke3 Ra7 40. Ra4 Kc6 41. g4 fxg4 42. Rxg4 Kd5 43. Kd3 Rf7 44. Ke3 Rh7 45. Ra4 Rh6 46. Rg4 Rh5 47. Kf3 Rh7 48. Kg3 e4 49. Kf4 Rf7+ 50. Ke3 Rf3+ 51. Ke2 Rh3 52. Kf1 e3 53. fxe3 Rxe3 54. Rg2 Rh3 55. Rg4 Rh2 56. a4 Rh3 57. Kg2 Rxb3 58. h5 c4 59. h6 Rb8 60. Rg7 Rh8 61. h7 Kd4 62. Kf3 Kc3 63. Rb7 Kd3 64. Rd7+ Kc2 65. Ke4 c3 66. Kd4 Kd2 67. Kc4+ Kc2 68. Kb5 Kb3 69. Rc7 c2 70. Kxa5 Rxh7 71. Rxh7 c1=Q 72. Rb7+ Ka3 73. Rb5 Qc6 74. Rb1 Qxa4+ 75. Kb6 Qd4+ 76. Kc7 Qe5+ 77. Kb6 Qe3+ 78. Kb7 Qe4+ 79. Ka6 Qxb1 80. Ka5 Qf5+ 81. Ka6 Kb4 82. Ka7 Qe6 83. Ka8 Kc5 84. Kb8 Kb6 85. Ka8 Qg8# 0-1

[Event "December 5 Early 2023"]
[Site "https://www.chess.com"]
[Date "2023.12.05"]
[Round "2"]
[White "Yaniuk, Volodymyr"]
[Black "Colonetti, Fabio"]
[Result "1-0"]
[Board "188"]
[TimeControl "180+1"]
[WhiteFideId "14133083"]
[BlackFideId "897612"]
[WhiteElo "2506"]
[BlackElo "2286"]
[WhiteTeam "UKR"]
[BlackTeam "ITA"]
[WhiteClock "0:00:53"]
[BlackClock "0:00:31"]

1. d4 d5 2. c4 c6 3. Nf3 Nf6 4. e3 e6 5. b3 Nbd7 6. Bd3 Bd6 7. Bb2 O-O 8. O-O Qe7 9. Ne5 Ne4 10. f3 Nef6 11. Qc2 c5 12. f4 dxc4 13. bxc4 h6 14. Nc3 b6 15. Be4 Nxe4 16. Qxe4 Ba6 17. a4 Nf6 18. Qf3 cxd4 19. exd4 Rac8 20. Nb5 Bxb5 21. axb5 Rc7 22. Nc6 Qd7 23. Rad1 a6 24. d5 axb5 25. Bxf6 gxf6 26. Qg4+ Kh7 27. cxb5 exd5 28. Qh5 Bc5+ 29. Kh1 d4 30. Rf3 f5 31. Re1 d3 32. Rh3 Qd6 33. Qxf5+ Qg6 34. Qxd3 Qxd3 35. Rxd3 Kg6 36. g3 Ra8 37. Re2 Ra1+ 38. Kg2 Kf5 39. Rd5+ Kg4 40. h3# 1-0

[Event "December 5 Early 2023"]
[Site "https://www.chess.com"]
[Date "2023.12.05"]
[Round "2"]
[White "Shubhi Gupta"]
[Black "Eugene, Floryan"]
[Result "0-1"]
[Board "189"]
[TimeControl "180+1"]
[WhiteFideId "25195425"]
[BlackFideId "20694784"]
[WhiteElo "2284"]
[BlackElo "2506"]
[WhiteTeam "IND"]
[BlackTeam "FRA"]
[WhiteClock "0:00:00"]
[BlackClock "0:00:03"]

1. d4 f5 2. Bg5 h6 3. Bh4 g5 4. Bg3 Nf6 5. e3 Bg7 6. Nc3 O-O 7. Bc4+ e6 8. Nf3 d6 9. Qe2 a6 10. a4 Nc6 11. d5 exd5 12. Nxd5 Nxd5 13. Bxd5+ Kh8 14. Bxc6 bxc6 15. c3 c5 16. O-O Rb8 17. h3 Qf6 18. Rfd1 Bb7 19. Rac1 Rfe8 20. Bh2 f4 21. Nd2 Qg6 22. Nf1 f3 23. gxf3 Qh5 24. Nd2 Qxh3 25. Qf1 Qh5 26. b4 Bxf3 27. Nxf3 Qxf3 28. bxc5 dxc5 29. Bxc7 Rb2 30. Qg2 Qf7 31. Bg3 h5 32. Qd5 Qf6 33. Qd6 Rf8 34. Qxf6 Rxf6 35. Rd5 h4 36. Be5 Rfxf2 37. Rd8+ Kh7 38. Rd7 Rg2+ 39. Kh1 g4 40. Rxg7+ Kh6 41. Rc7 g3 42. Rc6+ Kg5 43. Bf4+ Kg4 44. Rg6+ Kh3 45. Bxg3 Rxg3 46. Rxg3+ hxg3 47. e4 Re2 48. Rd1 Rxe4 49. Kg1 Re3 50. Rc1 Re2 51. a5 Ra2 52. Rd1 Rxa5 53. Kf1 Ra2 0-1

[Event "December 5 Early 2023"]
[Site "https://www.chess.com"]
[Date "2023.12.05"]
[Round "2"]
[White "Slade, Theodore"]
[Black "Travkina, Anastasia"]
[Result "1-0"]
[Board "190"]
[TimeControl "180+1"]
[WhiteFideId "426547"]
[BlackFideId "24129151"]
[WhiteElo "2505"]
[BlackElo "2282"]
[WhiteTeam "ENG"]
[BlackTeam "RUS"]
[WhiteClock "0:02:05"]
[BlackClock "0:01:33"]

1. d4 Nf6 2. c4 c5 3. d5 b5 4. cxb5 a6 5. bxa6 g6 6. Nc3 e6 7. e4 Bg7 8. d6 Bxa6 9. Bxa6 Nxa6 10. Nf3 O-O 11. O-O Qb8 12. e5 Nd5 13. Nxd5 exd5 14. Qxd5 Rc8 15. b3 Nb4 16. Qd2 c4 17. bxc4 Rxc4 18. Rb1 1-0

[Event "December 5 Early 2023"]
[Site "https://www.chess.com"]
[Date "2023.12.05"]
[Round "2"]
[White "Shinkarev, M"]
[Black "Llari, Marc"]
[Result "1-0"]
[Board "191"]
[TimeControl "180+1"]
[WhiteFideId "4145348"]
[BlackFideId "651044269"]
[WhiteElo "2504"]
[BlackElo "2282"]
[WhiteTeam "RUS"]
[BlackTeam "FRA"]
[WhiteClock "0:01:04"]
[BlackClock "0:00:52"]

1. c4 e6 2. d4 d5 3. Nf3 a6 4. Bg5 Ne7 5. cxd5 exd5 6. Nc3 c6 7. e3 Bg4 8. Qb3 Qc8 9. Ne5 Bh5 10. Bf4 Nd7 11. a4 Nxe5 12. Bxe5 Ng6 13. Bg3 Be7 14. a5 O-O 15. Na4 Bd8 16. Qc3 Ne7 17. Bd6 Re8 18. h3 Bg6 19. Be2 Nf5 20. Bh2 Nh4 21. O-O Qf5 22. Bg4 Qe4 23. f3 Qxe3+ 24. Qxe3 Rxe3 25. Nc5 b6 26. Nb7 Bf6 27. Rad1 Rb8 28. Bxb8 bxa5 29. Bg3 Nf5 30. Bf2 Rb3 31. Nxa5 Rxb2 32. Bxf5 Bxf5 33. Nxc6 h5 34. g4 hxg4 35. hxg4 Bd7 36. Ne5 Bb5 37. Rb1 1-0

[Event "December 5 Early 2023"]
[Site "https://www.chess.com"]
[Date "2023.12.05"]
[Round "2"]
[White "Obon Temprano, Sergi"]
[Black "Davidson, Kevin"]
[Result "0-1"]
[Board "192"]
[TimeControl "180+1"]
[WhiteFideId "2226545"]
[BlackFideId "2056810"]
[WhiteElo "2274"]
[BlackElo "2503"]
[WhiteTeam "ESP"]
[BlackTeam "USA"]
[WhiteClock "0:00:18"]
[BlackClock "0:01:01"]

1. d4 Nf6 2. Nf3 g6 3. c3 Bg7 4. Bg5 d6 5. Nbd2 h6 6. Bh4 O-O 7. e4 Nc6 8. Bc4 e5 9. dxe5 dxe5 10. O-O Qe8 11. Qe2 Nh5 12. Bg3 Kh8 13. Rfe1 f5 14. exf5 gxf5 15. Bxe5 Nxe5 16. Nxe5 Nf4 17. Qe3 Ne6 18. Ndf3 f4 19. Qd3 Rf6 20. Nd4 Nc5 21. Qc2 Qh5 22. b4 Ne6 23. Bxe6 Bxe6 24. Nxe6 Rxe6 25. Qf5 Qxf5 0-1

[Event "December 5 Early 2023"]
[Site "https://www.chess.com"]
[Date "2023.12.05"]
[Round "2"]
[White "Estrada Nieto, Julian"]
[Black "Cardozo Munar, Carlos Eduardo"]
[Result "1/2-1/2"]
[Board "193"]
[TimeControl "180+1"]
[WhiteFideId "5101018"]
[BlackFideId "4409477"]
[WhiteElo "2503"]
[BlackElo "2270"]
[WhiteTeam "ESP"]
[BlackTeam "COL"]
[WhiteClock "0:00:04"]
[BlackClock "0:00:12"]

1. e4 e6 2. d4 d5 3. Nd2 c5 4. exd5 Qxd5 5. Ngf3 cxd4 6. Bc4 Qd7 7. O-O Nc6 8. Nb3 Nf6 9. Nbxd4 Nxd4 10. Qxd4 Qxd4 11. Nxd4 a6 12. Be2 e5 13. Nf3 e4 14. Ne5 Be6 15. Be3 Bd6 16. Nc4 Be7 17. Rfd1 O-O 18. a4 b5 19. Nb6 Rab8 20. axb5 axb5 21. Ra6 b4 22. Nc4 Rfd8 23. Rxd8+ Rxd8 24. h3 h6 25. b3 Nd5 26. Bd2 Nc3 27. Bxc3 bxc3 28. Ra1 Bf6 29. Rd1 Ra8 30. Ne3 Ra2 31. Rc1 Bxb3 32. Bg4 Ba4 33. Bf5 Bc6 34. Ng4 Bg5 35. Ne3 g6 36. Bg4 Ba4 37. Bd1 f5 38. g3 Kg7 39. Kf1 h5 40. h4 Bh6 41. Ke1 Kf6 42. Nd5+ Ke5 43. Nxc3 Bd2+ 44. Kxd2 Ra3 45. Nxa4 Rxa4 46. Rb1 Ra5 47. Rb8 f4 48. Re8+ Kd4 49. gxf4 Rf5 50. Rd8+ Kc5 51. Rg8 Rxf4 52. Rxg6 Rxf2+ 53. Ke3 Rh2 54. Bxh5 Rxh4 55. Be2 Kb4 56. Re6 Kc3 57. Rc6+ Kb4 58. Rc8 Ka3 59. c4 Kb4 60. c5 Ka5 61. c6 Kb6 62. Kd4 Rh6 63. c7 Rc6 64. Kxe4 Rxc7 65. Rb8+ Kc5 66. Rb3 Kd6 67. Kd3 Rc5 68. Bf3 Rf5 69. Ke3 Re5+ 70. Kf4 Re1 71. Rd3+ Kc5 72. Be4 Rf1+ 73. Ke5 Re1 74. Rc3+ Kb4 75. Rc7 Re2 76. Kd4 Rh2 77. Rb7+ Ka5 78. Bd5 Rd2+ 79. Kc5 Ka6 80. Rb1 Ka7 81. Bc4 Rd8 82. Bd5 Rh8 83. Rb2 Rh5 84. Rb4 Rg5 85. Kd6 Rg6+ 86. Be6 Rh6 87. Kd7 Ka6 88. Kd6 Ka5 89. Rb1 Rg6 90. Ke5 Rg5+ 91. Kd6 Rg6 92. Kd5 Rg5+ 93. Ke4 Rh5 94. Bc4 Rc5 95. Kd4 Rh5 96. Kc3 Rh3+ 97. Bd3 Ka4 98. Kd4 Ka5 99. Be4 Ka4 100. Kd5 Ka5 101. Kd4 Rh4 102. Ke5 Ka4 103. Bd5 Ka5 104. Kd6 Ka4 105. Kc5 Ka3 106. Ra1+ Kb2 107. Ra2+ Kc3 108. Ra3+ Kb2 109. Rb3+ Kc2 110. Rg3 Rh5 111. Kd4 Rh8 112. Be4+ Kb2 113. Bd5 Rh4+ 114. Kc5 Rh5 1/2-1/2

[Event "December 5 Early 2023"]
[Site "https://www.chess.com"]
[Date "2023.12.05"]
[Round "2"]
[White "Rodriguez Santiago, Jaime"]
[Black "Urbina Perez, Juan Antonio"]
[Result "0-1"]
[Board "194"]
[TimeControl "180+1"]
[WhiteFideId "3100898"]
[BlackFideId "2217368"]
[WhiteElo "2268"]
[BlackElo "2503"]
[WhiteTeam "PUR"]
[BlackTeam "ESP"]
[WhiteClock "0:00:19"]
[BlackClock "0:00:17"]

1. d4 d5 2. c4 c6 3. Nc3 Nf6 4. cxd5 cxd5 5. Bf4 Nc6 6. e3 a6 7. Be2 Bf5 8. g4 Bd7 9. g5 Ne4 10. Nxe4 dxe4 11. h4 e5 12. dxe5 Qa5+ 13. Kf1 Nxe5 14. Qb3 Bc6 15. a3 Bd6 16. Nh3 O-O-O 17. Rc1 Kb8 18. Bxe5 Bxe5 19. Rxc6 Ka8 20. Rb6 Rd7 21. Nf4 h6 22. Bg4 Rc7 23. Nd5 Rc1+ 24. Kg2 Rxh1 25. Kxh1 hxg5 26. h5 g6 27. Rxb7 gxh5 28. Bd7 h4 29. Bc6 Qe1+ 30. Kg2 h3# 0-1

[Event "December 5 Early 2023"]
[Site "https://www.chess.com"]
[Date "2023.12.05"]
[Round "2"]
[White "Alikhanov, Felix"]
[Black "Martin, Lewis"]
[Result "1/2-1/2"]
[Board "195"]
[TimeControl "180+1"]
[WhiteFideId "4157427"]
[BlackFideId "410551"]
[WhiteElo "2501"]
[BlackElo "2257"]
[WhiteTeam "RUS"]
[BlackTeam "ENG"]
[WhiteClock "0:00:59"]
[BlackClock "0:00:47"]

1. e4 c6 2. d4 d5 3. Nd2 dxe4 4. Nxe4 Bf5 5. Ng3 Bg6 6. h4 h6 7. f4 e6 8. Nf3 Nd7 9. h5 Bh7 10. Bd3 Bxd3 11. Qxd3 Ngf6 12. Bd2 Bd6 13. O-O-O Qc7 14. Ne5 O-O 15. Ne4 Nxe4 16. Qxe4 Nf6 17. Qe2 c5 18. dxc5 Qxc5 19. g4 Rac8 20. Be3 Qa5 21. Rxd6 Qxa2 22. Rhd1 Ne4 23. c4 Nxd6 24. Rxd6 f6 25. Bd4 fxe5 26. Qxe5 Rxc4+ 27. Kd2 Rxd4+ 28. Qxd4 Qa5+ 29. Ke2 Qb5+ 30. Ke1 a5 31. Rxe6 Re8 32. Rxe8+ Qxe8+ 33. Kf2 Qb5 34. f5 a4 35. Qc3 Qd5 36. Qc8+ Kh7 37. Qe8 Qd4+ 38. Kg3 Qg1+ 39. Kh3 Qh1+ 40. Kg3 Qg1+ 41. Kh3 Qh1+ 42. Kg3 Qg1+ 1/2-1/2

[Event "December 5 Early 2023"]
[Site "https://www.chess.com"]
[Date "2023.12.05"]
[Round "2"]
[White "Vifleemskaia, Svetlana"]
[Black "Bold, Andre"]
[Result "1/2-1/2"]
[Board "196"]
[TimeControl "180+1"]
[WhiteFideId "4129490"]
[BlackFideId "16208471"]
[WhiteElo "2255"]
[BlackElo "2500"]
[WhiteTeam "RUS"]
[BlackTeam "GER"]
[WhiteClock "0:00:07"]
[BlackClock "0:00:42"]

1. d4 d5 2. c4 c6 3. cxd5 cxd5 4. Bf4 Nf6 5. Nc3 Nc6 6. e3 Bf5 7. Qb3 Na5 8. Qa4+ Bd7 9. Qc2 e6 10. Bd3 b5 11. Nxb5 Bb4+ 12. Nc3 O-O 13. Ne2 h6 14. O-O Rc8 15. a3 Bxc3 16. Nxc3 Nc4 17. Bxc4 Rxc4 18. Qd3 Rc6 19. b4 Qc8 20. Rfc1 Qb7 21. Ne2 Rxc1+ 22. Rxc1 Bb5 23. Qc2 Bc4 24. Bd6 Rc8 25. Bc5 a5 26. Nc3 axb4 27. axb4 Nd7 28. h3 Ra8 29. Qb2 e5 30. Ra1 Rxa1+ 31. Qxa1 exd4 32. exd4 f6 33. Qa5 Kf7 34. Qd8 Nxc5 35. bxc5 Qb3 36. Qd7+ Kg6 37. Qg4+ Kh7 38. Qf5+ Kg8 39. Qc8+ Kf7 40. Qd7+ Kg6 41. Qg4+ Kh7 42. Qf5+ Kh8 43. Qc8+ Kh7 44. Qf5+ 1/2-1/2

[Event "December 5 Early 2023"]
[Site "https://www.chess.com"]
[Date "2023.12.05"]
[Round "2"]
[White "Ivanova, Karina"]
[Black "Muetsch, Annmarie"]
[Result "1-0"]
[Board "197"]
[TimeControl "180+1"]
[WhiteFideId "24139750"]
[BlackFideId "12971367"]
[WhiteElo "2253"]
[BlackElo "2500"]
[WhiteTeam "RUS"]
[BlackTeam "GER"]
[WhiteClock "0:00:13"]
[BlackClock "0:00:00"]

1. Nf3 Nf6 2. g3 e6 3. Bg2 d5 4. d4 c5 5. O-O Nc6 6. c4 Be7 7. cxd5 Nxd5 8. Nc3 O-O 9. e4 Ndb4 10. dxc5 Qxd1 11. Rxd1 Bxc5 12. Bf4 Re8 13. a3 Nc2 14. Rac1 N2d4 15. b4 Nxf3+ 16. Bxf3 Bb6 17. Nb5 e5 18. Bd2 Be6 19. Nd6 Nd4 20. Kg2 Re7 21. Be3 g6 22. Rc3 Rd7 23. Nc4 Nxf3 24. Rxd7 Ne1+ 25. Kf1 Bxd7 26. Kxe1 Bxe3 27. Nxe3 Be6 28. Rc7 b6 29. Nc4 Bxc4 30. Rxc4 Kg7 31. Rc7 Kf6 32. h4 Ke6 33. Kd2 h5 34. Kc3 a5 35. Kc4 axb4 36. Kxb4 f6 37. Rc6+ Ke7 38. Rxb6 Rd8 39. a4 Rd4+ 40. Kb5 Rxe4 41. a5 Re1 42. a6 Ra1 43. Rb7+ Ke6 44. a7 e4 45. Kb6 f5 46. Rb8 Ke5 47. a8=Q Rxa8 48. Rxa8 Kd4 49. Rg8 Kd3 50. Rxg6 Ke2 51. Rf6 Kxf2 52. Rxf5+ Kxg3 53. Rxh5 Kg4 54. Rh8 e3 55. h5 1-0

[Event "December 5 Early 2023"]
[Site "https://www.chess.com"]
[Date "2023.12.05"]
[Round "2"]
[White "Herman, Matthew"]
[Black "De Souza, Cristiano Gomes"]
[Result "0-1"]
[Board "198"]
[TimeControl "180+1"]
[WhiteFideId "2028964"]
[BlackFideId "2151758"]
[WhiteElo "2498"]
[BlackElo "2252"]
[WhiteTeam "USA"]
[BlackTeam "BRA"]
[WhiteClock "0:00:05"]
[BlackClock "0:00:21"]

1. e4 c5 2. Nf3 d6 3. d4 cxd4 4. Nxd4 Nf6 5. Nc3 a6 6. Bc4 e6 7. a3 Be7 8. Ba2 O-O 9. Be3 Nbd7 10. g4 Ne5 11. f3 Bd7 12. Qd2 Nc6 13. O-O-O Nxd4 14. Bxd4 e5 15. Be3 Be6 16. g5 Nh5 17. Nd5 Bxd5 18. Bxd5 Qc7 19. Kb1 Rac8 20. Rhg1 g6 21. Rg2 b5 22. c3 Kh8 23. f4 exf4 24. Bxf4 f6 25. gxf6 Bxf6 26. Be3 Be5 27. Bg5 Nf4 28. Bxf4 Rxf4 29. Rh1 Rcf8 30. h4 Rf1+ 31. Rxf1 Rxf1+ 32. Ka2 Kg7 33. h5 Qe7 34. h6+ Kf8 35. Rf2+ Rxf2 36. Qxf2+ Qf6 37. Qa7 Qe7 38. Qxa6 Bf4 39. Qxb5 Bxh6 40. a4 Be3 41. a5 g5 42. Qb8+ Kg7 43. Qg8+ Kh6 44. b4 Qg7 45. Qxg7+ Kxg7 46. Kb3 Kf6 47. b5 Ke5 48. b6 g4 49. Kc4 g3 50. Kb5 g2 51. a6 Bxb6 52. Kxb6 g1=Q+ 53. Kb7 Qb1+ 54. Kc7 Qa1 55. Bb7 Qxc3+ 56. Kb8 Qc5 57. a7 Qxa7+ 58. Kxa7 h5 59. Kb6 h4 60. Bc8 Kxe4 61. Kb5 d5 62. Kb4 Ke3 63. Kc5 d4 64. Kc4 d3 65. Bg4 d2 66. Kc3 h3 0-1

[Event "December 5 Early 2023"]
[Site "https://www.chess.com"]
[Date "2023.12.05"]
[Round "2"]
[White "Krzywda, Andrzej"]
[Black "Sami, Sama"]
[Result "1/2-1/2"]
[Board "199"]
[TimeControl "180+1"]
[WhiteFideId "1114565"]
[BlackFideId "4802926"]
[WhiteElo "2492"]
[BlackElo "2251"]
[WhiteTeam "POL"]
[BlackTeam "IRQ"]
[WhiteClock "0:00:55"]
[BlackClock "0:01:18"]

1. e4 e5 2. Nf3 Nc6 3. Bb5 a6 4. Ba4 Nf6 5. O-O b5 6. Bb3 Bc5 7. a4 Rb8 8. c3 d6 9. d4 Bb6 10. a5 Ba7 11. h3 Bb7 12. dxe5 Nxe5 13. Nxe5 dxe5 14. Qxd8+ Kxd8 15. Bg5 Ke7 16. Nd2 h6 17. Bxf6+ Kxf6 18. Rfe1 Rhd8 19. Nf1 Rd6 20. Re2 c5 21. Ne3 c4 22. Ng4+ Ke6 23. Bc2 Rbd8 24. Kf1 Rd2 25. Ke1 Rxe2+ 26. Kxe2 h5 27. Nh2 f6 28. Nf1 g5 29. g3 Rh8 30. b3 Rc8 31. b4 Rh8 32. Rd1 Bc6 33. Rd2 h4 34. g4 Ke7 35. Ne3 Bxe3 36. Kxe3 Rd8 37. Rxd8 Kxd8 38. f3 1/2-1/2

[Event "December 5 Early 2023"]
[Site "https://www.chess.com"]
[Date "2023.12.05"]
[Round "2"]
[White "Clawitter, Craig"]
[Black "Nikologorsky, Matfei"]
[Result "1-0"]
[Board "200"]
[TimeControl "180+1"]
[WhiteFideId "2023105"]
[BlackFideId "24102474"]
[WhiteElo "2249"]
[BlackElo "2492"]
[WhiteTeam "USA"]
[BlackTeam "FID"]
[WhiteClock "0:00:06"]
[BlackClock "0:00:07"]

1. e4 c5 2. Nf3 e6 3. d4 cxd4 4. Nxd4 a6 5. Bd3 Qc7 6. Qe2 d6 7. Nc3 Nf6 8. Bd2 b5 9. O-O Bb7 10. Kh1 Nbd7 11. f4 g6 12. Rae1 Bg7 13. f5 e5 14. Nf3 O-O 15. a3 Rae8 16. Qf2 Nc5 17. Qh4 d5 18. exd5 Nxd3 19. cxd3 h5 20. Bg5 Nxd5 21. f6 Bh8 22. Ne4 Re6 23. g4 hxg4 24. Qxg4 Nxf6 25. Bxf6 Bxf6 26. Kg1 Kg7 27. Nfg5 Bxg5 28. Nxg5 Rb6 29. Qh4 Rh8 30. Rxf7+ Qxf7 31. Qxh8+ Kxh8 32. Nxf7+ Kg7 33. Nxe5 Re6 34. d4 Bd5 35. Rc1 Rf6 36. Rc7+ Kg8 37. Rd7 Bb3 38. Rd8+ Kg7 39. Rd7+ Kg8 40. Rd8+ Kg7 41. Rd7+ Kf8 42. Rh7 Ke8 43. Rg7 Rf4 44. Rxg6 Rxd4 45. Rxa6 Bd5 46. Nc6 Rd1+ 47. Kf2 Rd2+ 48. Ke3 Rxb2 49. Nb4 Bc4 50. Rb6 Rxh2 51. Kd4 Rh3 52. Kc5 Rxa3 53. Nd5 Ra7 54. Kc6 Ra8 55. Nc7+ Kd8 56. Nxa8 Kc8 57. Nc7 b4 58. Nd5 b3 59. Nc3 Bf7 60. Rb4 Be6 61. Re4 Bf7 62. Rf4 Be8+ 63. Kd6 Kd8 64. Rf8 b2 65. Rh8 Kc8 66. Rxe8+ Kb7 67. Re2 Ka6 68. Rxb2 Ka5 69. Kc5 Ka6 70. Rb3 Ka7 71. Kc6 Ka8 72. Kc7 Ka7 73. Ra3# 1-0

[Event "December 5 Early 2023"]
[Site "https://www.chess.com"]
[Date "2023.12.05"]
[Round "2"]
[White "Lehtosaari, Mauri"]
[Black "Ernst, Luca"]
[Result "1/2-1/2"]
[Board "201"]
[TimeControl "180+1"]
[WhiteFideId "501999"]
[BlackFideId "45117055"]
[WhiteElo "2490"]
[BlackElo "2246"]
[WhiteTeam "FIN"]
[BlackTeam "FRA"]
[WhiteClock "0:00:09"]
[BlackClock "0:00:02"]

1. d4 Nf6 2. c4 g6 3. Nc3 d5 4. Nf3 Bg7 5. Bg5 c6 6. e3 O-O 7. Be2 h6 8. Bxf6 Bxf6 9. cxd5 cxd5 10. Qb3 e6 11. O-O Nc6 12. Rfc1 Na5 13. Qd1 Bd7 14. Na4 Rc8 15. Nc5 b6 16. Nxd7 Qxd7 17. Ba6 Rxc1 18. Rxc1 b5 19. Qd3 Nc4 20. b3 Nd6 21. Qc3 Rb8 22. Qc6 Qd8 23. Qc7 Rb6 24. Qxa7 Qb8 25. Qxb8+ Rxb8 26. a4 Kf8 27. g3 Ke7 28. Rc7+ Kd8 29. Rc1 bxa4 30. bxa4 Rb2 31. Ne5 Bxe5 32. dxe5 Ne4 33. Rc8+ Kd7 34. Rf8 Ke7 35. Rc8 Rxf2 36. Bd3 Ra2 37. Bxe4 dxe4 38. Rc4 f5 39. exf6+ Kxf6 40. Rxe4 Kf5 41. Rf4+ Ke5 42. Rb4 Ra3 43. Kf2 Ra2+ 44. Kf3 Rxh2 45. Rb5+ Kd6 46. Ra5 Ra2 47. Ra6+ Ke5 48. Ra5+ Kf6 49. Ra8 Ke5 50. a5 Kf5 51. g4+ Kg5 52. a6 e5 53. a7 Ra4 54. Ke2 e4 55. Re8 Ra2+ 56. Kf1 Rxa7 57. Rxe4 Ra2 58. Rd4 Rh2 59. Kg1 Rh4 60. Kf2 Rxg4 61. Rd6 Kh5 62. Kf3 Rg5 63. Rd8 Rf5+ 64. Ke4 Ra5 65. Kf4 g5+ 66. Kf3 Rf5+ 67. Kg3 Ra5 68. Kf3 Kg6 69. Rd6+ Kh5 70. Rb6 Rc5 71. Kg3 Rd5 72. Kf3 g4+ 73. Kf4 Ra5 74. e4 Rc5 75. Rb1 g3 76. Rh1+ Kg6 77. Kxg3 Kg5 78. Kf3 h5 79. Rg1+ Kf6 80. Kf4 h4 81. Rh1 Rh5 82. Kg4 Rh8 83. Kf4 Rh7 84. e5+ Ke6 85. Ra1 h3 86. Rh1 h2 87. Kg3 Kxe5 88. Rxh2 Rxh2 89. Kxh2 1/2-1/2

[Event "December 5 Early 2023"]
[Site "https://www.chess.com"]
[Date "2023.12.05"]
[Round "2"]
[White "Leyva Proenza, Richard"]
[Black "Joel Paul Ganta"]
[Result "1-0"]
[Board "202"]
[TimeControl "180+1"]
[WhiteFideId "3500985"]
[BlackFideId "35066145"]
[WhiteElo "2488"]
[BlackElo "2244"]
[WhiteTeam "VEN"]
[BlackTeam "IND"]
[WhiteClock "0:00:30"]
[BlackClock "0:00:00"]

1. e4 g6 2. d4 Bg7 3. Nc3 d6 4. Nf3 Nd7 5. Be3 a6 6. a4 Ngf6 7. h3 O-O 8. Qd2 e5 9. dxe5 Nxe5 10. Nxe5 dxe5 11. Qxd8 Rxd8 12. Bc4 Be6 13. Bxe6 fxe6 14. Ke2 Rd7 15. Rhd1 Rad8 16. Rxd7 Rxd7 17. a5 Bf8 18. Ra4 Kf7 19. Na2 Ne8 20. Nc1 Nd6 21. Nd3 Bg7 22. f3 Rd8 23. Rb4 h6 24. Nc5 Bf8 25. Nxb7 Re8 26. Nxd6+ Bxd6 27. Rb7 g5 28. c4 Kf6 29. b4 Rd8 30. b5 Ra8 31. c5 1-0